 Dungeon Crawl Stone Soup version 0.30-b1-2-g02819fbbbe (webtiles) character file.

Game seed: 2738893716507683409

60809 LLlMATKO the Warrior (level 14, -6/140 HPs)
             Began as a Minotaur Berserker on Aug 6, 2023.
             Was a High Priest of Trog.
             Killed by divine providence
             ... invoked by an orc priest
              (20 damage)
             ... on level 2 of the Orcish Mines.
             The game lasted 00:22:16 (16908 turns).

LLlMATKO the Warrior (Minotaur Berserker)          Turns: 16908, Time: 00:22:16

Health: -6/140     AC: 29    Str: 31    XL:     14   Next: 58%
Magic:  13/13      EV: 18    Int:  4    God:    Trog [*****.]
Gold:   2242       SH:  9    Dex: 25    Spells: 13/13 levels left

rFire   + + +        r - +6 hand axe of Powerful Fortitude {drain, *Corrode +Blink rElec rPois rF+}
rCold   . . .        F - +0 buckler
rNeg    . . .        T - +2 plate armour {rF+}
rPois   +            E - +0 hat "Seul" {Harm Str+4 Dex+7 Slay-3}
rElec   +            z - +1 cloak {rF+}
rCorr   +            J - +0 pair of fencer's gloves {Riposte Dex+3}
SInv    .            w - +5 pair of boots of Dishonesty {-Tele rCorr Str+2 Dex+3}
Will    +++..        S - amulet of regeneration Stlth
                     Z - ring of protection from fire
HPRegen 2.23/turn    P - ring of flight
MPRegen 0.13/turn

%: no teleportation, corrode self (3%), harm (+30% outgoing, +20% incoming)
@: strong-willed, on berserk cooldown, flying, regenerating, slowed, studying
Fighting, very slow
A: horns 2, retaliatory headbutt
a: Renounce Religion, Evoke Blink, Berserk, Trog's Hand, Brothers in Arms


You were on level 2 of the Orcish Mines.
You worshipped Trog.
Trog was extremely pleased with you.
You visited 3 branches of the dungeon, and saw 18 of its levels.
You also visited: Ossuary, Bailey, Gauntlet and Volcano.

You collected 2432 gold pieces.
You spent 190 gold pieces at shops.

Inventory:

Hand Weapons
 r - the +6 hand axe of Powerful Fortitude (weapon) {drain, *Corrode +Blink rElec rPois rF+}
   (You found it on level 2 of the Dungeon)

   rF:        It protects you from fire.
   rElec:     It insulates you from electricity.
   rPois:     It protects you from poison.
   +Blink:    It lets you blink.
   *Corrode:  It may corrode you when you take damage.
 K - a +4 broad axe of flaming
Missiles
 a - 26 poisoned darts (quivered)
 s - 13 curare-tipped darts
 G - 3 throwing nets
Armour
 t - a +0 hat of willpower
 w - the +5 pair of boots of Dishonesty (worn) {-Tele rCorr Str+2 Dex+3}
   (You bought it in a shop on level 4 of the Dungeon)

   Str:       It affects your strength (+2).
   Dex:       It affects your dexterity (+3).
   -Tele:     It prevents most forms of teleportation.
   rCorr:     It protects you from acid and corrosion.
 z - a +1 cloak of fire resistance (worn)
 E - the +0 hat "Seul" (worn) {Harm Str+4 Dex+7 Slay-3}
   (You found it in a Gauntlet)

   Str:       It affects your strength (+4).
   Dex:       It affects your dexterity (+7).
   Slay:      It affects your accuracy & damage with ranged weapons and melee
   (-3).
   Harm:      It increases damage dealt and taken.
 F - a +0 buckler (worn)
 J - the +0 pair of fencer's gloves (worn) {Riposte Dex+3}
   (You found it on level 5 of the Lair of Beasts)

   Riposte:   It allows the wearer to riposte with melee weapons, swiftly
   retaliating against missed or blocked melee attacks.
   Dex:       It affects your dexterity (+3).
 T - a +2 plate armour of fire resistance (worn)
Jewellery
 g - a ring of willpower
 h - a ring of poison resistance
 u - a ring of protection from fire
 v - a ring of see invisible
 x - a ring of resist corrosion
 P - a ring of flight (right hand)
 S - an amulet of regeneration (around neck)
 Z - a ring of protection from fire (left hand)
Wands
 b - a wand of iceblast (7)
 k - a wand of flame (37)
 q - a wand of polymorph (13)
 H - a wand of paralysis (2)
 L - a wand of digging (5)
 M - a wand of acid (4)
 Q - a wand of mindburst (6)
Scrolls
 e - 2 scrolls of identify
 m - 2 scrolls of poison
 o - 4 scrolls of brand weapon
 y - 10 scrolls of teleportation
 A - a scroll of enchant weapon
 C - 2 scrolls of fear
 D - 4 scrolls of blinking
 I - 3 scrolls of fog
 R - a scroll of enchant armour
Potions
 c - 14 potions of curing
 d - 8 potions of heal wounds
 f - 2 potions of magic
 i - a potion of ambrosia
 j - 3 potions of flight
 n - 4 potions of haste
 p - 2 potions of might
 B - a potion of cancellation {unknown}
 N - a potion of resistance
 U - 3 potions of invisibility


   Skills:
 + Level 17.6 Fighting
 + Level 14.7 Axes
 + Level 14.6 Armour
 + Level 13.4 Dodging
 + Level 12.3 Shields


You had 13 spell levels left.
You didn't know any spells.
Your spell library was empty.

Dungeon Overview and Level Annotations

Branches:
Dungeon (11/15)            Temple (0/1) D:5            Lair (5/5) D:10
  Swamp (0/4) Lair:2       Spider (0/4) Lair:3        Slime (0/5) Lair:5
    Orc (2/2) D:11            Elf (0/3) Orc:2       Ossuary (visited)
 Bailey (visited)         Volcano (visited)         Gauntlet (visited)

Altars:
Ashenzari
Cheibriados
Dithmenos
Kikubaaqudgha
Nemelex Xobeh
Okawaru
Sif Muna
Wu Jian
Yredelemnul
The Shining One
Jiyva

Shops:
D:4 [:*   D:11 *(   Orc:1 [


Innate Abilities, Weirdness & Mutations

You have a pair of horns on your head.
You reflexively headbutt those who attack you in melee.


Message History

The orc high priest calls down the wrath of Beogh upon you.
Beogh smites you!
* * * LOW HITPOINT WARNING * * *
You feel much better.
Your troll is smitten.
The orc priest looks satisfied for a moment.
The orc priest barely misses your troll.
Your troll bites the orc priest!!
The orc priest dies!
Trog accepts your kill.
The orc priest invokes the aid of Beogh against you.
Beogh smites you!
* * * LOW HITPOINT WARNING * * *
The orc high priest invokes the aid of Beogh against you.
You resist with almost no effort.
An orc priest comes into view. It is wielding a +0 flail.
The orc high priest hits your troll with a +0 dire flail.
Your troll bites the orc high priest.
Your troll claws the orc high priest! x2
Things that are here:
a +0 glaive; a +0 plate armour; an orc corpse 2 orc priests come into view.
Your troll bites the orc high priest!
Your troll claws the orc high priest!!
The orc high priest dies!
Trog accepts your kill.
Your troll bites the orc priest!
Your troll barely misses the orc priest.
Your troll claws the orc priest.
An orc high priest comes into view. It is wielding a +0 long sword.
The orc priest calls upon Beogh to heal the orc priest.
The orc priest is healed somewhat.
The orc priest hits your troll with a +0 short sword.
The orc high priest seems less drained.
Your troll bites the orc priest!
The orc priest dies!
Trog accepts your kill.
The orc high priest mumbles some strange prayers to Beogh against you.
Beogh smites you!
* * * LOW HITPOINT WARNING * * *
The orc priest calls down the wrath of Beogh upon you.
Beogh smites you!
You die...

#... ##.## #...###
###.....##
##..#.....## ..
#....#.....####...
#...).)....#.#...
###.#o)).........
##@T))#........ #
##)##o........ ##
##.#)#.........
.##
#..)o)#........
..#
##..)ooo.......
.## ##.)).†..o....
## ##.............
##.#............
#...............


You could see 2 orc high priests, 4 orc priests and a friendly troll (summoned,
berserk).

Vanquished Creatures
  Gastronok (Lair:2)
  2 orc warlords
  A minotaur (Gauntlet)
  An ettin (Orc:1)
  A fire dragon (Volcano)
  Harold (Orc:1)
  5 hydras
  A catoblepas (Lair:5)
  4 two-headed ogres
  A boulder beetle (Lair:1)
  3 death yaks (Lair:5)
  Sonja (Lair:3)
  3 sun demons (Volcano)
  4 lindwurms
  2 orc knights
  2 manticores (Lair:5)
  9 elephants
  A wolf spider (Lair:3)
  2 oklob plants (Lair:5)
  An orc sorcerer (Orc:2)
  4 black mambas
  A smoke demon (Volcano)
  8 cane toads
  4 rime drakes
  4 torpor snails
  An unseen horror (D:10)
  6 komodo dragons
  A polar bear (Lair:2)
  6 trolls
  A raiju (Gauntlet)
  15 blink frogs
  A culicivora (Lair:3)
  2 dream sheep (Lair:5)
  2 vampires
  Sigmund (D:5)
  2 wraiths
  A jumping spider (Lair:3)
  3 centaur simulacra (Gauntlet)
  3 wyverns
  2 shadows (D:11)
  22 yaks
  8 basilisks
  3 fire bats (Lair:5)
  7 steam dragons
  3 vampire mosquitoes (D:11)
  A redback (Lair:3)
  2 wargs
  A swamp worm (Lair:2)
  17 water moccasins
  A harpy simulacrum (Gauntlet)
  2 hell hounds (Volcano)
  24 orc warriors
  An ice beast (D:6)
  5 black bears
  A sky beast (D:8)
  4 ogres
  11 wolves
  8 centaurs
  A kobold brigand (D:9)
  A phantom (D:4)
  15 bullfrogs
  3 scorpions
  A gnoll sergeant (D:8)
  2 wyvern zombies (Ossuary)
  2 water moccasin zombies
  3 wights (D:8)
  A water moccasin skeleton (D:4)
  A hornet simulacrum (Gauntlet)
  9 killer bees (D:9)
  3 electric eels (Lair:1)
  4 howler monkeys
  6 bullfrog zombies
  8 centaur zombies (Ossuary)
  8 hounds
  2 jellies
  19 orc priests
  3 sleepcaps
  Jessica (D:2)
  4 iguanas
  14 orc wizards
  2 lightning spires (Gauntlet)
  A killer bee zombie (Ossuary)
  4 hound zombies
  A hound skeleton (D:4)
  19 mummies (Ossuary)
  2 howler monkey zombies
  5 adders
  10 gnolls
  A shadow imp (D:6)
  An ufetubus (D:6)
  An adder zombie (D:4)
  2 worms (D:2)
  5 dart slugs
  51 orcs
  2 endoplasms
  3 giant cockroaches
  12 goblins
  10 hobgoblins
  13 jackals
  20 kobolds
  2 quokkas
  5 ball pythons
  3 bats
  3 frilled lizards
  A jackal zombie (D:5)
  7 rats
  A rat zombie (D:5)
  A butterfly (Lair:1)
534 creatures vanquished.

Vanquished Creatures (collateral kills)
  An orc warlord (Orc:2)
  2 orc high priests (Orc:2)
  An elephant (Lair:3)
  4 yaks (Lair:3)
  4 orc warriors (Orc:2)
  5 orc priests (Orc:2)
  4 orc wizards (Orc:2)
21 creatures vanquished.

Vanquished Creatures (others)
  A smoke demon (Volcano)
  A centaur (D:11)
  An orc priest (Orc:2)
  41 fungi
  61 plants
  11 toadstools (Lair:1)
  14 withered plants
130 creatures vanquished.

Grand Total: 685 creatures vanquished

Notes
Turn   | Place    | Note
-------+----------+-------------------------------------------
     0 | D:1      | LLlMATKO the Minotaur Berserker began the quest for the
                  | Orb.
     0 | D:1      | Reached XP level 1. HP: 19/19 MP: 0/0
    86 | D:1      | Reached XP level 2. HP: 27/27 MP: 1/1
   247 | D:1      | Reached skill level 4 in Fighting
   534 | D:1      | Reached ** piety under Trog
   543 | D:1      | Found a faded altar of an unknown god.
   731 | D:2      | Reached XP level 3. HP: 15/33 MP: 2/2
  1170 | D:2      | Identified the +6 hand axe of Powerful Fortitude {drain,
                  | *Corrode +Blink rElec rPois rF+}
  1196 | D:2      | Noticed Jessica
  1200 | D:2      | Killed Jessica
  1246 | D:2      | Reached XP level 4. HP: 41/41 MP: 3/3
  2000 | D:3      | Reached XP level 5. HP: 22/47 MP: 4/4
  2233 | D:3      | Reached skill level 5 in Fighting
  2236 | D:3      | Reached skill level 5 in Axes
  2252 | D:3      | Identified the +8 dire flail of Breach {freeze, rF+ Will+
                  | Int+3}
  2610 | D:4      | Reached XP level 6. HP: 56/56 MP: 5/5
  2613 | D:4      | Found a broken altar of Ashenzari.
  2625 | D:4      | Found Gemu's Antique Armour Shop.
  2634 | D:4      | Bought a pair of steaming boots for 190 gold pieces
  2634 | D:4      | Identified the +5 pair of boots of Dishonesty {-Tele rCorr
                  | Str+2 Dex+3} (You bought it in a shop on level 4 of the
                  | Dungeon)
  2673 | D:4      | Reached *** piety under Trog
  2715 | D:4      | Reached XP level 7. HP: 58/62 MP: 6/6
  2792 | D:4      | Reached skill level 5 in Armour
  2798 | D:4      | Found Somm's Book Shop.
  3030 | D:4      | Reached skill level 6 in Fighting
  3351 | D:4      | Found Qaceynyf's Assorted Antiques.
  3404 | D:5      | Entered Level 5 of the Dungeon
  3498 | D:5      | Reached skill level 5 in Dodging
  3503 | D:5      | Found a staircase to the Ecumenical Temple.
  3536 | D:5      | Found an ornate altar of the Wu Jian Council.
  3699 | D:5      | Found a sand-covered staircase.
  3705 | Ossuary  | Entered an ossuary
  3716 | Ossuary  | Reached **** piety under Trog
  3718 | Ossuary  | Reached XP level 8. HP: 58/71 MP: 7/7
  3729 | Ossuary  | Reached skill level 7 in Fighting
  4043 | D:5      | Reached skill level 8 in Fighting
  4043 | D:5      | Reached XP level 9. HP: 76/81 MP: 8/8
  4078 | D:5      | Reached ***** piety under Trog
  4136 | D:5      | Found a basalt altar of Yredelemnul.
  4263 | D:5      | Noticed Sigmund
  4272 | D:5      | Killed Sigmund
  4584 | D:6      | Reached skill level 1 in Shields
  4896 | D:6      | Found a snail-covered altar of Cheibriados.
  5104 | D:6      | Found a sparkling altar of Nemelex Xobeh.
  5430 | D:7      | Reached skill level 9 in Fighting
  5642 | D:7      | Found a shimmering blue altar of Sif Muna.
  5646 | D:7      | Found a glowing golden altar of the Shining One.
  6142 | D:8      | Noticed a two-headed ogre
  6149 | D:8      | Killed a two-headed ogre
  6150 | D:8      | Reached XP level 10. HP: 58/91 MP: 9/9
  6375 | D:8      | Received a gift from Trog
  7076 | D:9      | Found a flagged portal.
  7082 | Bailey   | Entered a bailey
  7087 | Bailey   | Noticed an orc warlord
  7102 | Bailey   | Noticed an orc knight
  7119 | Bailey   | Killed an orc knight
  7120 | Bailey   | Reached skill level 5 in Shields
  7179 | Bailey   | Found a runed translucent gate.
  7182 | Bailey   | Found a runed translucent gate.
  7184 | Bailey   | Found a runed translucent gate.
  7271 | Bailey   | Reached skill level 10 in Fighting
  7402 | Bailey   | Killed an orc warlord
  7403 | Bailey   | Reached skill level 10 in Axes
  7684 | D:9      | Reached skill level 10 in Armour
  7830 | D:9      | Reached XP level 11. HP: 93/101 MP: 10/10
  7954 | D:9      | Noticed a two-headed ogre
  7961 | D:9      | Killed a two-headed ogre
  8152 | D:10     | Entered Level 10 of the Dungeon
  8222 | D:10     | Found a staircase to the Lair.
  8290 | D:10     | Found a shadowy altar of Dithmenos.
  8367 | D:10     | Found an ancient bone altar of Kikubaaqudgha.
  8882 | D:11     | Reached skill level 11 in Fighting
  8884 | D:11     | Acquired a manual of Fighting
  8912 | D:11     | Received a gift from Trog
  8922 | D:11     | Found a gate leading to a gauntlet.
  8926 | Gauntlet | Entered a Gauntlet
  8926 | Gauntlet | Found a transporter.
  8942 | Gauntlet | Noticed a fire crab
  8943 | Gauntlet | Found a transporter.
  8960 | Gauntlet | Found a transporter.
  8964 | Gauntlet | Found a transporter.
  8983 | Gauntlet | Noticed a ghost crab
  8985 | Gauntlet | Found a transporter.
  8998 | Gauntlet | Found a transporter.
  9008 | Gauntlet | Found a transporter.
  9012 | Gauntlet | Found a transporter.
  9040 | Gauntlet | Noticed an entropy weaver
  9042 | Gauntlet | Noticed a wolf spider
  9043 | Gauntlet | Found a transporter.
  9072 | Gauntlet | Found a transporter.
  9072 | Gauntlet | Found a transporter.
  9077 | Gauntlet | Found a transporter.
  9077 | Gauntlet | Noticed a cacodemon
  9138 | Gauntlet | Reached skill level 10 in Dodging
  9212 | Gauntlet | Identified the +0 hat "Seul" {Harm Str+4 Dex+7 Slay-3}
  9382 | Gauntlet | Identified the +2 helmet of Past Mistakes {Int+7 Dex-3}
  9396 | Gauntlet | Identified the +3 spear of Yredelemnul, Mauling {freeze,
                  | Str-5 Int+5}
  9396 | Gauntlet | Noticed a minotaur
  9411 | Gauntlet | Killed a minotaur
  9483 | D:11     | Found Coattamui's Weapon Shoppe.
  9525 | D:11     | Found a transporter.
  9527 | D:11     | Found Xastiff's Assorted Antiques.
  9529 | D:11     | Found a transporter.
  9911 | D:11     | Found a staircase to the Orcish Mines.
 10163 | Lair:1   | Entered Level 1 of the Lair of Beasts
 10188 | Lair:1   | Reached skill level 12 in Fighting
 10345 | Lair:1   | Reached XP level 12. HP: 112/112 MP: 11/11
 10415 | Lair:1   | Noticed a boulder beetle
 10430 | Lair:1   | Killed a boulder beetle
 10457 | Lair:1   | Found a runed translucent door.
 10600 | Lair:1   | Identified the +4 chain mail "Aqodwyiw" {Drain Int+3}
 10701 | Lair:1   | Reached skill level 13 in Fighting
 11403 | Lair:2   | Noticed an eight-headed hydra
 11414 | Lair:2   | Killed a 14-headed hydra
 11636 | Lair:2   | Noticed Gastronok
 11659 | Lair:2   | Killed Gastronok
 11660 | Lair:2   | Reached skill level 14 in Fighting
 12222 | Lair:2   | Found a staircase to the Swamp.
 12323 | Lair:3   | Reached XP level 13. HP: 106/125 MP: 12/12
 12329 | Lair:3   | Reached skill level 10 in Shields
 12432 | Lair:3   | Noticed Sonja
 12453 | Lair:3   | Killed Sonja
 12454 | Lair:3   | Reached skill level 15 in Fighting
 12550 | Lair:3   | Found a hole to the Spider Nest.
 13918 | Lair:5   | Entered Level 5 of the Lair of Beasts
 14101 | Lair:5   | Received a gift from Trog
 14103 | Lair:5   | Found a dark tunnel.
 14114 | Volcano  | Entered a volcano
 14198 | Volcano  | Reached skill level 16 in Fighting
 14309 | Volcano  | Found the +2 cloak of the Thief {*Fog Slay-2 SInv Stlth+}
 14310 | Volcano  | Noticed a fire dragon
 14328 | Volcano  | Killed a fire dragon
 14955 | Lair:5   | Reached XP level 14. HP: 138/138 MP: 13/13
 15031 | Lair:5   | Found the +0 pair of fencer's gloves {Riposte Dex+3}
 15229 | Lair:5   | Found a viscous altar of Jiyva.
 15231 | Lair:5   | Found a staircase to the Slime Pits.
 15703 | Orc:1    | Entered Level 1 of the Orcish Mines
 15730 | Orc:1    | Reached skill level 17 in Fighting
 15772 | Orc:1    | Noticed Harold
 15783 | Orc:1    | Killed Harold
 15823 | Orc:1    | Found Liecsodi's Antique Armour Shop.
 15988 | Orc:2    | Entered Level 2 of the Orcish Mines
 15989 | Orc:2    | Found a staircase to the Elven Halls.
 15989 | Orc:2    | Noticed an orc warlord
 16356 | Orc:2    | Killed an orc warlord
 16583 | Orc:1    | Found an iron altar of Okawaru.
 16844 | Orc:2    | Noticed an orc warlord
 16867 | Orc:2    | Killed an orc warlord
 16904 | Orc:2    | HP: 7/140 [orc high priest/divine providence (16)]
 16908 | Orc:2    | Killed from afar by an orc priest

Illustrated notes

Levels and vault maps discovered:
D:1:      shiori_arrival_oz, layout_loops_ring,
          dreamdust_ecumenical_altar_angels_and_demons
D:2:      layout_loops_corners, uniq_jessica
D:3:      layout_basic
D:4:      layout_basic, nicolae_ashenzari_skybound, serial_undead,
          serial_undead_e, serial_undead_f, serial_undead_c, serial_undead_d,
          serial_undead_e, serial_shops, shop, nicolae_shop_dealshenge,
          nicolae_shop_dealshenge
D:5:      layout_cave_pools, nicolae_yredelemnul_corpse_copse,
          mainiacjoe_overflow_six_doors_small, minmay_temple_entry_water_ring,
          enter_ossuary_3, uniq_sigmund
D:6:      layout_loops_ring, mainiacjoe_overflow_alcove_1,
          nemelex_spade_bored_becter
D:7:      layout_loops_corners, grunt_temple_overflow_open, serial_glass,
          glass_columns_a, glass_columns_a, due_unseen_surprise,
          feat_on_display, item_on_display_a, feat_on_display,
          serial_bayou_crossing
D:8:      layout_loops_ring
D:9:      layout_roguey, enter_bailey_2
D:10:     layout_rooms, mainiacjoe_overflow_large_starburst,
          due_lair_maze_entry_diamond
D:11:     hellmonk_crumbling_castle, layout_gridville, orc_0_dummy,
          serial_shops, nicolae_shop_trees, nicolae_shop_drivethru,
          gauntlet_entry_generic
Lair:1:   gammafunk_lair_enchanted_lake, layout_cellular_growth,
          nicolae_quartered_pool_little, lemuel_fruit_fields,
          serial_bayou_shore_a
Lair:2:   layout_chaotic_city, palyth_hydra_swamp_entry, grunt_megastairs_4,
          uniq_gastronok
Lair:3:   layout_regular_city, spider_nest_entry_funnel_web, uniq_sonja
Lair:4:   layout_long_grid, lemuel_fruit_tree, grunt_megastairs_1
Lair:5:   hangedman_lair_in_review, layout_regular_city,
          minmay_slime_entry_oklob_enclosed, nicolae_volcano_entry_batcave,
          st_stairs_12
Orc:1:    layout_caves, serial_shops, nicolae_diamond_shop,
          okawaru_metal_pillars_3, uniq_harold
Orc:2:    st_orc_mages, layout_caves, basic_altar

Skill      XL: |  1  2  3  4  5  6  7  8  9 10 11 12 13 14 |
---------------+-------------------------------------------+-----
Fighting       | 4 5 6 8 9 10 12 14 16 17 | 17.6
Axes           | 4 5 6 7 9 10 11 12 14 | 14.7
Armour         | 3 4 6 7 8 10 11 12 13 14 | 14.6
Dodging        | 3 4 5 6 8 9 10 11 12 13 | 13.4
Shields        | 3 6 8 9 11 12 | 12.3

Action                     |  1- 3 |  4- 6 |  7- 9 | 10-12 | 13-15 || total
---------------------------+-------+-------+-------+-------+-------++-------
  Melee: Hand axe          |    71 |    78 |   302 |   563 |   443 ||  1457
         Headbutt          |     6 |     8 |    69 |   138 |   118 ||   339
         Punch             |       |       |     2 |       |       ||     2
  Throw: Dart              |       |       |       |       |     2 ||     2
 Invoke: Berserk           |     1 |     1 |     1 |     8 |     6 ||    17
         Trog's Hand       |       |       |       |     6 |     4 ||    10
         Brothers in Arms  |       |       |       |     1 |     3 ||     4
  Evoke: Wand              |       |       |     1 |       |       ||     1
    Use: Scroll            |       |       |     8 |    20 |     3 ||    31
         Potion            |       |       |       |       |     1 ||     1
   Stab: Petrified         |       |       |       |       |     7 ||     7
         Petrifying        |       |       |       |       |     3 ||     3
 Armour: Chain mail        |    26 |    11 |       |       |       ||    37
         Animal skin       |     1 |       |       |       |       ||     1
         Plate armour      |       |    41 |   163 |   286 |   180 ||   670
  Dodge: Dodged            |    35 |    27 |   124 |   280 |   276 ||   742
  Block: Buckler           |       |       |    10 |   155 |   166 ||   331
Riposte: Hand axe          |       |       |       |       |    29 ||    29
